 Dungeon Crawl Stone Soup version 0.23-a0-261-g133332c (webtiles) character file.

145996 Irenicus the Earth Mage (level 16, -3/127 HPs)
             Began as a Deep Dwarf Earth Elementalist on Sept 29, 2018.
             Was the Champion of Makhleb.
             Shot with a bolt by a naga sharpshooter (18 damage)
             ... on level 1 of the Snake Pit.
             The game lasted 04:20:06 (15631 turns).

Irenicus the Earth Mage (DDEE)                     Turns: 15631, Time: 04:20:10

Health: -3/127     AC: 12    Str:  9    XL:     16   Next: 58%
Magic:  1/63       EV: 22    Int: 22    God:    Makhleb [******]
Gold:   991        SH: 10    Dex: 22    Spells: 7/39 levels left

rFire    + . .     SeeInvis .   o - staff of power
rCold    + . .     Gourm    .   T - +0 buckler {rF+}
rNeg     + . .     Faith    .   y - +0 leather armour {MR+}
rPois    .         Spirit   .   R - +2 hat
rElec    .         Reflect  +   Q - +2 cloak of the Centipede {rC+ MR- Str-4 Dex+9}
rCorr    .         Harm     .   b - +2 pair of gloves
MR       ++...                  l - +0 pair of boots
Stlth    ++........             P - +3 amulet of reflection
HPRegen  0.00/turn              r - ring of magical power
MPRegen  0.38/turn              C - ring of magical power

@: lethally poisoned (-3 -> -3), non-regenerating
A: damage resistance, heal wounds, negative energy resistance 1, sense
surroundings 2, no regeneration
}: 1/15 runes: decaying
a: Heal Wounds, Minor Destruction, Lesser Servant of Makhleb, Major Destruction,
Greater Servant of Makhleb, Renounce Religion


You were on level 1 of the Snake Pit.
You worshipped Makhleb.
Makhleb was exalted by your worship.
You were not hungry.

You visited 6 branches of the dungeon, and saw 29 of its levels.
You also visited: Sewer, Ossuary and Volcano.

You collected 2854 gold pieces.
You spent 1863 gold pieces at shops.

Inventory:

Hand Weapons
 W - a +2 fustibalus of flaming
Missiles
 A - 41 stones (quivered)
Armour
 b - a +2 pair of gloves (worn)
 l - a +0 pair of boots (worn)
 y - a +0 leather armour of magic resistance (worn)
 E - a +2 cloak of fire resistance
 N - a scarf of cloud immunity
 Q - the +2 cloak of the Centipede (worn) {rC+ MR- Str-4 Dex+9}
   (You found it on level 13 of the Dungeon)

   It affects your strength (-4).
   It affects your dexterity (+9).
   It protects you from cold.
   It affects your resistance to hostile enchantments.
 R - a +2 hat (worn)
 T - a +0 buckler of fire resistance (worn)
 U - a +3 leather armour of fire resistance
Magical Staves
 o - an uncursed staff of power (weapon)
Jewellery
 f - a +3 ring of evasion
 g - a +4 ring of protection
 h - the amulet "Haolid" {Harm *Drain MR+ MP+9 Dex+4 Stlth+}
   (You acquired it on level 6 of the Lair of Beasts)

   [amulet of harm]

   It increases damage dealt and taken.
   It affects your dexterity (+4).
   It affects your resistance to hostile enchantments.
   It affects your magic capacity (+9).
   It causes draining when unequipped.
   It makes you more stealthy.
 r - a ring of magical power (left hand)
 C - a ring of magical power (right hand)
 M - an uncursed ring of wizardry
 P - a +3 amulet of reflection (around neck)
 Y - an uncursed ring of protection from magic
Wands
 c - a wand of polymorph (48)
 s - a wand of acid (10)
 t - a wand of enslavement (9)
 u - a wand of flame (60)
 B - a wand of iceblast (2)
 S - a wand of paralysis (14)
 Z - a wand of disintegration (2)
Scrolls
 i - 8 scrolls of enchant weapon
 j - 2 scrolls of teleportation
 k - 6 scrolls of identify
 v - 11 scrolls of remove curse
 z - 4 scrolls of blinking
 H - 2 scrolls of fear
 J - 7 scrolls of magic mapping
 K - 5 scrolls of enchant armour
 L - 2 scrolls of holy word
Potions
 a - a potion of might
 e - 6 potions of berserk rage
 m - 3 potions of mutation
 n - a potion of invisibility
 q - 3 potions of curing
 w - a potion of cancellation
 D - 8 potions of lignification
 F - 4 potions of magic
 G - 2 potions of agility
 O - 2 potions of resistance
 V - 6 potions of brilliance
 X - a potion of flight
Miscellaneous
 p - a crystal ball of energy
 x - a phantom mirror
 I - a lamp of fire (inert)
Comestibles
 d - 24 rations


   Skills:
 - Level 4.1 Fighting
 - Level 2.0 Armour
 - Level 12.0 Dodging
 - Level 2.4 Stealth
 - Level 7.9 Shields
 - Level 12.0 Spellcasting
 + Level 9.3 Conjurations
 - Level 6.0 Charms
 - Level 3.2 Translocations
 - Level 3.0 Transmutations
 - Level 20.0 Earth Magic
 - Level 11.0 Invocations
 - Level 9.1 Evocations


You had 7 spell levels left.
You knew the following spells:

 Your Spells              Type           Power        Failure   Level  Hunger
a - Sandblast             Erth           ######       0%          1    None
b - Passwall              Tmut/Erth      ######..     1%          2    None
c - Stone Arrow           Conj/Erth      ######       1%          3    None
d - Lee's Rapid Deconstr  Erth           #######...   1%          5    ####...
e - Iron Shot             Conj/Erth      ######....   2%          6    #####..
f - Shroud of Golubria    Chrm/Tloc      ####......   1%          2    None
g - Apportation           Tloc           ####..       1%          1    None
h - Summon Butterflies    Summ           ##......     7%          1    None
i - Blink                 Tloc           N/A          2%          2    None
p - Petrify               Tmut/Erth      ######..     1%          4    None
t - Iskenderun's Battles  Conj/Chrm      #####...     8%          5    ####...

Your spell library contained the following spells:

 Spells                   Type           Power        Failure   Level  Hunger
 Beastly Appendage        Tmut           ####..       1%          1    None
 Infusion                 Chrm           ####         1%          1    None
 Magic Dart               Conj           ####         1%          1    None
 Sting                    Conj/Pois      ####         1%          1    None
 Searing Ray              Conj           ######       1%          2    None
 Song of Slaying          Chrm           #####...     1%          2    None
 Iskenderun's Mystic Bla  Conj           ######..     1%          4    None
 Sticks to Snakes         Tmut           ####....     3%          2    None
 Conjure Flame            Conj/Fire      ####....     3%          3    None
 Dazzling Spray           Conj/Hex       ####..       3%          3    None
 Bolt of Magma            Conj/Fire/Erth ######....   3%          5    ####...
 Force Lance              Conj/Tloc      #####...     4%          4    None
 Lesser Beckoning         Tloc           ####......   5%          3    None
 Mephitic Cloud           Conj/Pois/Air  ####....     5%          3    None
 Spectral Weapon          Hex/Chrm       ####....     6%          3    None
 Summon Small Mammal      Summ           ##..         7%          1    None
 Call Imp                 Summ           ##......     10%         2    None
 Poisonous Vapours        Pois/Air       ##....       10%         2    None
 Slow                     Hex            ##......     10%         2    None
 Fulminant Prism          Conj/Hex       ####......   10%         4    None
 Spider Form              Tmut/Pois      ###.......   11%         3    None
 Call Canine Familiar     Summ           ##......     21%         3    None
 Summon Guardian Golem    Hex/Summ       ##......     21%         3    None
 Tukima's Dance           Hex            ##......     21%         3    None
 Venom Bolt               Conj/Pois      ####......   26%         5    ####...
 Ice Form                 Ice/Tmut       ###.....     34%         4    None
 Blade Hands              Tmut           ####......   47%         5    ####...
 Olgreb's Toxic Radiance  Pois           ##......     54%         4    None
 Summon Ice Beast         Ice/Summ       ##......     54%         4    None
 Summon Lightning Spire   Summ/Air       ##......     54%         4    None
 Alistair's Intoxication  Tmut/Pois      ###.....     69%         5    ####...
 Orb of Destruction       Conj           ######....   77%         7    #######
 Invisibility             Hex            ##......     100%        6    #####..
 Spellforged Servitor     Conj/Summ      ####......   100%        7    #######
 Regeneration             Chrm/Necr      Unusable     N/A         3    N/A

Dungeon Overview and Level Annotations

Branches:
Dungeon (15/15)            Temple (1/1) D:4            Lair (6/6) D:10
  Swamp (4/4) Lair:4        Snake (1/4) Lair:4        Slime (0/5) Lair:5
    Orc (2/2) D:10            Elf (0/3) Orc:2        Vaults (0/5) D:13
 Depths (0/5) D:15

Altars:
Ashenzari
Cheibriados
Dithmenos
Elyvilon
Fedhas
Gozag
Hepliaklqana
Kikubaaqudgha
Makhleb
Nemelex Xobeh
Okawaru
Qazlal
Ru
Sif Muna
Trog
Uskayaw
Vehumet
Wu Jian
Xom
Yredelemnul
Zin
The Shining One
Jiyva

Shops:
D:13 !   Orc:1 (??}:   Orc:2 ([*(

Portals:
Hell: Lair:6

Annotations:
D:13 George's ghost, adept GrFi
D:15 Josephine
Lair:4 exclusion: oklob plant
Lair:6 1 runed door, TheNamelessOne's ghost, journeyman MiHu


Innate Abilities, Weirdness & Mutations

You are resistant to damage.
You can heal yourself by infusing magical energy.
You resist negative energy. (rN+)
You passively map the area around you.
You do not regenerate.


Message History

You don't have enough magic to cast that spell.
Casting: Iron Shot (safe; 2% risk of failure)
Confirm with . or Enter, or press ? or * to list all spells.
Aiming: Stone Arrow (safe; 1% risk of failure)
Press: ? - help, Shift-Dir - straight line, f/p - nagaraja
Aim: a nagaraja, wielding a halberd and wearing a robe (heavily wounded, fast)
The stone arrow hits the nagaraja.
The nagaraja is severely wounded.
The nagaraja hits you from afar with a halberd!!
* * * LOW HITPOINT WARNING * * *
Your battlesphere fires!
The barrage of energy hits the nagaraja.
The nagaraja is severely wounded.
Your battlesphere expends the last of its energy and dissipates.
The naga sharpshooter unwields an uncursed battleaxe.
The naga sharpshooter wields an uncursed arbalest.
The naga sharpshooter casts a spell.
The naga sharpshooter magically shoots a bolt.
The bolt hits you!!
You die...

....# * , ,,
, .:..### ,
** ***
N.....# ,
###.......,
** ,
#......#.. ,
, #.........
, , #.N....#
, ,
###.>.)..# ,
#..†@#...#*
, ,
#..§†.###...
* #.....# ,
., , *
#..##.#, , ,
, , , ,
*,...# .., ,
, , ,,,....*
... * ....#
...* * ,
.... .... *
,, * , ,


You could see a nagaraja and a naga sharpshooter.

Vanquished Creatures
  A lich (D:13)
  A thorn hunter (Swamp:1)
  Roxanne (Snake:1)
  A caustic shrike zombie (D:15)
  Snorg (D:12)
  Harold (D:8)
  9 hydras
  A rakshasa (D:13)
  3 vault guards (D:13)
  A shambling mangrove (Swamp:2)
  A ghost crab (Swamp:2)
  5 centaur warriors
  2 anacondas (Snake:1)
  18 two-headed ogres
  3 ogre magi (Orc:2)
  3 tengu warriors
  11 alligators
  A shock serpent (Snake:1)
  Nergalle (D:12)
  A sun demon (Lair:6)
  5 spriggans
  A skeletal warrior (D:14)
  3 spriggan druids
  A swamp dragon (Swamp:2)
  3 unseen horrors
  A wizard (Lair:6)
  A phantasmal warrior (Swamp:4)
  A flayed ghost (D:13)
  A necromancer (D:13)
  An ugly thing (D:12)
  3 cyclopes
  2 orc sorcerers
  An elephant (Lair:6)
  4 manticores
  4 salamanders
  A guardian serpent (shapeshifter) (D:13)
  A water nymph (shapeshifter) (D:13)
  A black mamba (Lair:4)
  3 orange demons (Lair:6)
  7 centaur skeletons
  14 spiny frogs
  An elf zombie (D:15)
  9 komodo dragons
  A hellwing (Lair:6)
  A freezing wraith (D:15)
  4 rime drakes
  3 ice devils (Lair:6)
  2 queen bees
  2 tengu conjurers
  9 tyrant leeches
  5 trolls
  9 hornets
  3 bog bodies (Swamp:4)
  A wolf spider simulacrum (D:13)
  5 blink frogs
  11 dream sheep
  A dream sheep (shapeshifter) (D:13)
  8 slime creatures
  6 hippogriffs
  2 alligator zombies (Swamp:4)
  3 centaur simulacra
  A deep troll skeleton (D:15)
  A spriggan zombie (D:15)
  2 wraiths (D:15)
  2 shadows
  11 wyverns
  2 basilisks
  18 yaks
  5 steam dragons (Volcano)
  A vampire (D:13)
  Eustachio (D:6)
  2 fire bats (Volcano)
  2 hungry ghosts
  Menkaure (D:7)
  2 nagas (Lair:4)
  17 vampire mosquitoes
  4 wargs
  3 acid dragons
  3 insubstantial wisps (Swamp:4)
  4 hell hounds (Lair:6)
  A soldier ant (D:12)
  11 swamp worms
  7 water moccasins
  Duvessa (D:6)
  3 swamp drakes
  11 porcupines
  2 hornet zombies
  2 ice beasts
  4 sky beasts
  A phantom (D:4)
  4 black bears
  2 eyes of draining
  14 orc warriors
  2 necrophages
  23 ogres
  7 centaurs
  17 crocodiles
  8 big kobolds
  14 bullfrogs
  A wyvern zombie (D:8)
  Dowan (D:6)
  2 wyvern skeletons
  2 scorpions
  45 killer bees
  An oklob sapling (D:4)
  12 wights
  A howler monkey (D:9)
  An electric eel (Lair:2)
  A crimson imp (D:14)
  4 centaur zombies
  A human zombie (Ossuary)
  5 jellies
  A quasit (D:7)
  6 hounds
  25 orc wizards
  19 orc priests
  Crazy Yiuf (D:7)
  10 iguanas
  11 worker ants
  A big kobold zombie (Ossuary)
  A hound skeleton (D:4)
  2 mummies (Ossuary)
  3 gnolls (D:7)
  A river rat (Sewer)
  10 adders
  3 shadow imps
  6 oozes
  3 adder zombies
  6 worms
  A dart slug (D:1)
  4 leopard geckos
  86 orcs
  2 giant cockroaches (D:1)
  5 goblins
  6 hobgoblins
  11 jackals
  4 quokkas
  7 ball pythons
  A ball python zombie (D:5)
  8 bats
  5 frilled lizards
  A gnoll zombie (Ossuary)
  2 goblin zombies (Ossuary)
  3 hobgoblin zombies (Ossuary)
  A jackal skeleton (D:6)
  15 kobolds
  6 orc zombies (Ossuary)
  A quokka skeleton (D:5)
  17 rats
  A plant (D:4)
  A toadstool (Lair:4)
801 creatures vanquished.

Vanquished Creatures (collateral kills)
  A bone dragon (Swamp:4)
  A tentacled monstrosity (Swamp:4)
  Rupert (D:15)
  A dire elephant (Lair:6)
  2 fire dragons
  2 hydras (Swamp:4)
  A ghost crab (Swamp:4)
  An anaconda (Lair:4)
  8 two-headed ogres
  An alligator (Swamp:2)
  An ogre mage (Orc:2)
  A skeletal warrior (D:15)
  2 swamp dragons (Swamp:2)
  A flayed ghost (D:15)
  A phantasmal warrior (Swamp:4)
  A necromancer (D:15)
  A centaur zombie (D:15)
  2 black mambas
  A centaur skeleton (D:15)
  3 spiny frogs
  A komodo dragon (Lair:3)
  A swamp worm zombie (Swamp:4)
  A hornet (Swamp:2)
  A hydra zombie (Swamp:4)
  2 tyrant leeches (Swamp:4)
  A slime creature (Swamp:1)
  A blink frog (Lair:3)
  5 bog bodies
  A spectral swamp dragon (Swamp:4)
  2 alligator zombies (Swamp:4)
  A vampire (D:15)
  A shadow (Swamp:2)
  A wyvern (Volcano)
  A wraith (D:15)
  6 vampire mosquitoes
  3 insubstantial wisps (Swamp:4)
  6 swamp worms
  A water moccasin (Lair:6)
  5 orc warriors (Orc:2)
  3 swamp dragon zombies (Swamp:4)
  A swamp drake (Swamp:4)
  5 phantoms (Swamp:4)
  16 ogres (Orc:2)
  A crocodile (Lair:3)
  3 killer bees (Lair:3)
  5 orc wizards (Orc:2)
  3 orc priests (Orc:2)
  2 spectral swamp drakes (Swamp:4)
  9 orcs
  A withered plant (D:15)
123 creatures vanquished.

Vanquished Creatures (others)
  2 tyrant leeches
  A dream sheep (Lair:3)
  A wyvern (Volcano)
  2 insubstantial wisps (Swamp:4)
  A centaur (D:8)
  An orc (Orc:2)
  8 fungi (Lair:6)
  14 plants
  2 toadstools (Lair:4)
32 creatures vanquished.

Grand Total: 956 creatures vanquished

Notes
Turn   | Place    | Note
-------+----------+-------------------------------------------
     0 | D:1      | Irenicus the Deep Dwarf Earth Elementalist began the quest
                  | for the Orb.
     0 | D:1      | Reached XP level 1. HP: 15/15 MP: 3/3
    42 | D:1      | Reached XP level 2. HP: 16/22 MP: 0/5
   264 | D:1      | Reached XP level 3. HP: 11/28 MP: 0/6
   364 | D:2      | Reached skill level 5 in Earth Magic
   415 | D:2      | Learned a level 2 spell: Passwall
   769 | D:2      | Reached XP level 4. HP: 21/36 MP: 8/8
   818 | D:2      | Learned a level 3 spell: Stone Arrow
  1085 | D:3      | Found a snail-covered altar of Cheibriados.
  1138 | D:4      | Noticed a phantom
  1147 | D:4      | Killed a phantom
  1147 | D:4      | Reached skill level 6 in Earth Magic
  1147 | D:4      | Reached XP level 5. HP: 12/42 MP: 10/10
  1216 | D:4      | Noticed a centaur
  1233 | D:4      | Killed a centaur
  1233 | D:4      | Reached skill level 7 in Earth Magic
  1233 | D:4      | Reached XP level 6. HP: 36/49 MP: 11/11
  1247 | D:4      | Found a staircase to the Ecumenical Temple.
  1337 | D:4      | Found a stormy altar of Qazlal.
  1442 | D:4      | Reached skill level 8 in Earth Magic
  1442 | D:4      | Reached XP level 7. HP: 18/55 MP: 7/14
  1456 | D:4      | Learned a level 5 spell: Lee's Rapid Deconstruction
  1485 | D:4      | Found a glowing drain.
  1486 | Sewer    | Entered a sewer
  1509 | Sewer    | Reached skill level 5 in Spellcasting
  1613 | Sewer    | Reached skill level 1 in Transmutations
  1615 | Sewer    | Reached skill level 1 in Conjurations
  1866 | Sewer    | Reached skill level 9 in Earth Magic
  1866 | Sewer    | Reached XP level 8. HP: 20/62 MP: 15/15
  1961 | D:5      | Entered Level 5 of the Dungeon
  2113 | D:5      | Reached skill level 10 in Earth Magic
  2249 | D:5      | Learned a level 4 spell: Petrify
  2296 | Temple   | Entered the Ecumenical Temple
  2600 | D:5      | Reached skill level 11 in Earth Magic
  2743 | D:6      | Found a white marble altar of Elyvilon.
  2839 | D:6      | Noticed Duvessa
  2839 | D:6      | Noticed Dowan
  2854 | D:6      | Killed Duvessa
  2854 | D:6      | Gained mutation: You passively map the area around you.
                  | [Deep Dwarf growth]
  2854 | D:6      | Reached XP level 9. HP: 19/68 MP: 17/19
  2860 | D:6      | Killed Dowan
  2916 | D:6      | Noticed Eustachio
  2924 | D:6      | Killed Eustachio
  3091 | D:7      | Found an opulent altar of Gozag.
  3305 | D:7      | Found a runed door.
  3309 | D:7      | Noticed Crazy Yiuf
  3312 | D:7      | Killed Crazy Yiuf
  3373 | D:7      | Noticed Menkaure
  3377 | D:7      | Killed Menkaure
  3587 | D:8      | Reached skill level 1 in Evocations
  3592 | D:8      | Noticed a queen bee
  3604 | D:8      | Killed a queen bee
  3606 | D:8      | Reached skill level 5 in Evocations
  3614 | D:8      | Reached XP level 10. HP: 11/75 MP: 0/22
  3702 | D:8      | Found a sand-covered staircase.
  3713 | Ossuary  | Entered an ossuary
  3895 | D:8      | Noticed a two-headed ogre
  3896 | D:8      | Paralysed by a hornet for 1 turns
  3898 | D:8      | Killed a two-headed ogre
  3902 | D:8      | Noticed a two-headed ogre
  3967 | D:9      | Killed an unseen horror
  4033 | D:9      | Found a burning altar of Makhleb.
  4040 | D:9      | Became a worshipper of Makhleb the Destroyer
  4093 | D:9      | Found Weitudey's Magic Scroll Shoppe.
  4114 | D:9      | Found an ancient bone altar of Kikubaaqudgha.
  4127 | D:9      | Found a glowing golden altar of the Shining One.
  4127 | D:9      | Found a hazy altar of Hepliaklqana.
  4129 | D:9      | Found a hide-covered altar of Uskayaw.
  4137 | D:9      | Found a deep blue altar of Sif Muna.
  4165 | D:9      | Reached skill level 12 in Earth Magic
  4173 | D:9      | Reached skill level 1 in Shields
  4262 | D:9      | Found a sparkling altar of Nemelex Xobeh.
  4343 | D:10     | Entered Level 10 of the Dungeon
  4374 | D:10     | Found a staircase to the Lair.
  4425 | D:10     | Reached * piety under Makhleb
  4492 | D:10     | Reached skill level 5 in Shields
  4694 | D:10     | Found a staircase to the Orcish Mines.
  4918 | D:10     | Reached XP level 11. HP: 31/81 MP: 22/22
  4932 | D:10     | Learned a level 2 spell: Shroud of Golubria
  5107 | D:8      | Noticed Harold
  5116 | D:8      | Killed Harold
  5185 | D:8      | Noticed a two-headed ogre
  5190 | D:8      | Killed a two-headed ogre
  5331 | D:8      | Killed a two-headed ogre
  5331 | D:8      | Reached ** piety under Makhleb
  5386 | D:9      | Bought a scroll of identify for 28 gold pieces
  5386 | D:9      | Bought a scroll of teleportation for 42 gold pieces
  5386 | D:9      | Bought a scroll of identify for 28 gold pieces
  5386 | D:9      | Bought a scroll of identify for 28 gold pieces
  5386 | D:9      | Bought a scroll of enchant armour for 105 gold pieces
  5386 | D:9      | Bought a scroll of identify for 28 gold pieces
  5386 | D:9      | Bought a scroll of holy word for 105 gold pieces
  5386 | D:9      | Bought a scroll of fear for 49 gold pieces
  5386 | D:9      | Bought a scroll of magic mapping for 49 gold pieces
  5437 | Lair:1   | Entered Level 1 of the Lair of Beasts
  5458 | Lair:1   | Reached skill level 1 in Charms
  5638 | Lair:1   | Reached skill level 1 in Fighting
  5667 | Lair:1   | Reached skill level 5 in Dodging
  5934 | Lair:2   | Noticed a seven-headed hydra
  5941 | Lair:2   | Killed a seven-headed hydra
  5977 | Lair:2   | Reached skill level 1 in Invocations
  6064 | Lair:2   | Learned a level 1 spell: Apportation
  6066 | Lair:2   | Learned a level 1 spell: Summon Butterflies
  6166 | Lair:2   | Reached *** piety under Makhleb
  6166 | Lair:2   | Reached skill level 5 in Invocations
  6166 | Lair:2   | Reached XP level 12. HP: 66/93 MP: 8/23
  6605 | Lair:3   | Found a dark tunnel.
  6621 | Volcano  | Entered a volcano
  6634 | Volcano  | Reached skill level 10 in Spellcasting
  6665 | Volcano  | Noticed a two-headed ogre
  6686 | Volcano  | Killed a two-headed ogre
  6715 | Volcano  | Reached **** piety under Makhleb
  6767 | Volcano  | Noticed a two-headed ogre
  6769 | Volcano  | Noticed a two-headed ogre
  6800 | Volcano  | Killed a two-headed ogre
  6805 | Volcano  | Killed a two-headed ogre
  6902 | Volcano  | Noticed a two-headed ogre
  6908 | Volcano  | Noticed a fire dragon
  6911 | Volcano  | Killed a two-headed ogre
  6925 | Volcano  | Killed a fire dragon
  7168 | Lair:4   | Found a staircase to the Snake Pit.
  7272 | Lair:4   | Reached XP level 13. HP: 91/99 MP: 27/27
  7351 | Lair:4   | Found a blossoming altar of Fedhas.
  7519 | Lair:4   | Found a staircase to the Swamp.
  7674 | Lair:5   | Found a viscous altar of Jiyva.
  7674 | Lair:5   | Found a staircase to the Slime Pits.
  7901 | Lair:5   | Reached skill level 13 in Earth Magic
  8007 | Lair:6   | Entered Level 6 of the Lair of Beasts
  8077 | Lair:6   | Reached skill level 14 in Earth Magic
  8107 | Lair:6   | Found a runed door.
  8107 | Lair:6   | Noticed TheNamelessOne's ghost (journeyman MiHu)
  8186 | Lair:6   | Identified a scroll of acquirement
  8187 | Lair:6   | Got a steaming bone amulet
  8188 | Lair:6   | Identified the amulet "Haolid" {Harm *Drain MR+ MP+9 Dex+4
                  | Stlth+} (You acquired it on level 6 of the Lair of Beasts)
  8211 | Lair:6   | Noticed a dire elephant
  8260 | Lair:6   | Reached ***** piety under Makhleb
  8336 | Lair:6   | Reached skill level 15 in Earth Magic
  8460 | Lair:6   | Identified the +6 ring mail "Yluewk" {rElec} (You found it
                  | on level 6 of the Lair of Beasts)
  8573 | Lair:6   | Killed a dire elephant
  8660 | Lair:6   | Found a burning altar of Makhleb.
  8671 | Lair:6   | Reached skill level 16 in Earth Magic
  8700 | Lair:6   | Found a gateway to Hell.
  9169 | D:11     | Found a shimmering altar of Xom.
  9789 | D:12     | Noticed Nergalle
  9795 | D:12     | Killed Nergalle
  9795 | D:12     | Reached skill level 17 in Earth Magic
  9795 | D:12     | Gained mutation: You resist negative energy. (rN+) [Deep
                  | Dwarf growth]
  9795 | D:12     | Reached XP level 14. HP: 108/108 MP: 20/29
 10228 | D:12     | Noticed Snorg
 10232 | D:12     | Killed Snorg
 10358 | D:13     | Reached skill level 18 in Earth Magic
 10361 | D:13     | Reached ****** piety under Makhleb
 10495 | D:13     | Found a runed door.
 10502 | D:13     | Noticed a lich
 10612 | Orc:1    | Entered Level 1 of the Orcish Mines
 10660 | Orc:1    | Reached skill level 19 in Earth Magic
 10711 | Orc:1    | Found Hoxyt's Gadget Emporium.
 10712 | Orc:1    | Found Qoarusk's Magic Scroll Shop.
 10754 | Orc:1    | Bought a scroll of blinking for 135 gold pieces
 10754 | Orc:1    | Bought a scroll of teleportation for 54 gold pieces
 10754 | Orc:1    | Bought a scroll of blinking for 135 gold pieces
 10755 | Orc:1    | Found Keniweek's Magic Scroll Boutique.
 10756 | Orc:1    | Found Naseamas's Antique Weapon Boutique.
 10765 | Orc:1    | Bought a scroll of teleportation for 45 gold pieces
 10765 | Orc:1    | Bought a scroll of magic mapping for 52 gold pieces
 10765 | Orc:1    | Bought a scroll of teleportation for 45 gold pieces
 10765 | Orc:1    | Bought a scroll of teleportation for 45 gold pieces
 10873 | Orc:1    | Found Gatoruim's Book Boutique.
 10877 | Orc:1    | Bought a book of Power for 630 gold pieces
 10884 | Orc:1    | Learned a level 6 spell: Iron Shot
 10939 | Orc:2    | Entered Level 2 of the Orcish Mines
 11113 | Orc:2    | Found a staircase to the Elven Halls.
 11152 | Orc:1    | Bought a crystal ball of energy for 260 gold pieces
 11350 | Orc:2    | Reached skill level 20 in Earth Magic
 11389 | Orc:2    | Reached skill level 5 in Conjurations
 11574 | Orc:2    | Reached XP level 15. HP: 35/114 MP: 5/30
 11585 | Orc:2    | Found Oheelum's Weapon Shop.
 11585 | Orc:2    | Found Irobbig's Armour Emporium.
 11585 | Orc:2    | Found Kutev's Assorted Antiques.
 11585 | Orc:2    | Found Qeupt's Weapon Boutique.
 11699 | Orc:2    | Found a burning altar of Makhleb.
 11924 | D:13     | Killed a lich
 11929 | D:13     | Paralysed by a floating eye for 2 turns
 11942 | D:13     | Found a gate to the Vaults.
 12347 | D:13     | Found Caujeg's Distillery.
 12365 | D:13     | Found a runed door.
 12397 | D:13     | Got a spiked cloak
 12398 | D:13     | Identified the +2 cloak of the Centipede {rC+ MR- Str-4
                  | Dex+9} (You found it on level 13 of the Dungeon)
 12434 | D:13     | Noticed George's ghost (adept GrFi)
 12539 | D:13     | Reached skill level 10 in Invocations
 12962 | D:15     | Entered Level 15 of the Dungeon
 12972 | D:15     | Noticed Rupert
 13096 | D:15     | Found a staircase to the Depths.
 13181 | D:15     | Killed Rupert
 13325 | D:15     | Noticed Josephine
 13411 | D:15     | Reached skill level 10 in Dodging
 13710 | Lair:1   | You fall through a shaft!
 13749 | Swamp:1  | Entered Level 1 of the Swamp
 13797 | Swamp:1  | Noticed a thorn hunter
 13812 | Swamp:1  | Killed a thorn hunter
 14238 | Swamp:2  | Learned a level 2 spell: Blink
 14359 | Swamp:2  | Reached XP level 16. HP: 99/121 MP: 29/30
 14689 | Swamp:3  | Learned a level 5 spell: Iskenderun's Battlesphere
 14773 | Swamp:4  | Entered Level 4 of the Swamp
 14799 | Swamp:3  | Paralysed by a hornet for 1 turns
 15043 | Swamp:4  | Noticed a tentacled monstrosity
 15055 | Swamp:4  | Killed a tentacled monstrosity
 15055 | Swamp:4  | Reached skill level 5 in Charms
 15241 | Swamp:4  | Noticed a bone dragon
 15251 | Swamp:4  | Killed a bone dragon
 15263 | Swamp:4  | Got a decaying rune of Zot
 15280 | Swamp:4  | Noticed an Executioner
 15529 | Snake:1  | Entered Level 1 of the Snake Pit
 15529 | Snake:1  | Noticed Roxanne
 15533 | Snake:1  | Killed Roxanne
 15631 | Snake:1  | Shot with a bolt by a naga sharpshooter

Vault maps used:
D:1:      tarquinn_simple_flora_water_e
D:2:      minmay_heptomino_l4, uniq_sigmund
D:3:      lemuel_doored_altar, first_ration, kennysheep_cross_room
D:4:      nicolae_overflow_crystal_walls, minmay_temple_entry_oklob,
          gup_sewer_entry_spiral
D:6:      kennysheep_little_box, kennysheep_generic_room_6, uniq_eustachio,
          uniq_duvessa
D:7:      nicolae_gozag_seed_capital, uniq_menkaure, uniq_crazy_yiuf_cottage
D:8:      minmay_imperfect_grid, enter_ossuary_1, david_nohive_1, uniq_harold
D:9:      kennysheep_mini, old_standard_altar, grunt_temple_overflow_open,
          nemelex_xobeh_ov_fountains_minmay, serial_shops, shop
D:10:     dpeg_oklobed_lair, minmay_orc_entry_guard_dogs,
          statue_in_the_mist_lemuel, nicolae_wwwww, grunt_decor_cap
D:11:     basic_altar
D:12:     uniq_nergalle, uniq_snorg
D:13:     lightli_vaults_fourway_checkpoint, muffindrake_ghost_dual_entry,
          serial_shops, shop_statue, serial_bayou, serial_bayou_pond_d,
          serial_bayou_pond_d, serial_bayou_pond_e, serial_bayou_pond_d,
          onia_ninara_cookie
D:14:     corexii_leaking_fountain, lightli_corner_chamber
D:15:     gammafunk_depths_entry_grave, minivault_19, uniq_josephine,
          uniq_rupert
Temple:   hc_temple_tempest_star
Lair:1:   beast_lair_carwin_7, serial_bayou_shore_b, serial_bayou_shore_b
Lair:2:   serial_bayou_shore_a
Lair:3:   enter_volcano_1, special_room, beast_lair_carwin_2
Lair:4:   minmay_swamp_entry_reptiles, minmay_snake_entry_guardpost_small,
          tgw_fedhas, infiniplex_staircase_pool
Lair:5:   slime_altar_1, beast_lair_carwin_4
Lair:6:   evil_forest, hellmonk_ghost_happy_afterlife
Swamp:1:  serial_swamp_ruin, evilmike_swamp_ruin_house_3,
          evilmike_swamp_ruin_house_5, evilmike_swamp_ruin_rubble_2, swamp_pool3
Swamp:2:  evilmike_swamp_ruin_house_1
Swamp:3:  evilmike_swamp_ruin_house_4, swamp_pool3
Swamp:4:  swamp_pestilence
Snake:1:  portal_ice_cave_entry_pillars_four, serial_shops, nicolae_shop_trees,
          grunt_ministairs_9, nicolae_large_snake_swirl, uniq_kirke,
          uniq_roxanne
Orc:1:    serial_shops, shop, shop, nicolae_shop_waterfront,
          nicolae_shop_behind_doors, shop, mines4_lemuel
Orc:2:    st_orc_ogre_mass, bloody_makhleb
Sewer:    sewer_co_tree
Ossuary:  minmay_ossuary_gauntlet
Volcano:  pf_volcano_lost_world

Skill      XL: |  1  2  3  4  5  6  7  8  9 10 11 12 13 14 15 16 |
---------------+-------------------------------------------------+-----
Spellcasting   | 2 3 4 5 6 8 11 12 | 12.0
Earth Magic    | 5 6 7 8 9 11 12 17 20 | 20.0
Transmutations | 3 |  3.0
Conjurations   | 1 4 7 9 |  9.3
Evocations     | 5 9 |  9.1
Shields        | 6 7 |  7.9
Armour         | 2 |  2.0
Translocations | 3 |  3.2
Dodging        | 7 12 | 12.0
Charms         | 2 6 |  6.0
Fighting       | 2 4 |  4.1
Invocations    | 5 6 11 | 11.0
Stealth        | |  2.4

Action                   |  1- 3 |  4- 6 |  7- 9 | 10-12 | 13-15 | 16-18 || total
-------------------------+-------+-------+-------+-------+-------+-------++-------
Melee: Unarmed           |    21 |       |       |       |       |       ||    21
       Short sword       |    28 |       |       |       |       |       ||    28
       Staff             |       |       |       |     2 |     7 |       ||     9
       War axe           |       |       |       |     8 |       |       ||     8
 Cast: Sandblast         |    54 |    59 |    47 |   128 |   177 |    88 ||   553
       Passwall          |     9 |    20 |    33 |     8 |    71 |     3 ||   144
       Stone Arrow       |       |    13 |   113 |   217 |   394 |    92 ||   829
       Lee's Rapid Decon |       |       |    23 |    37 |   112 |     5 ||   177
       Shroud of Golubri |       |       |       |     3 |     2 |     2 ||     7
       Apportation       |       |       |       |    25 |    72 |    21 ||   118
       Petrify           |       |       |       |       |     8 |       ||     8
       Summon Butterflie |       |       |       |       |     8 |       ||     8
       Iron Shot         |       |       |       |       |    34 |     8 ||    42
       Iskenderun's Batt |       |       |       |       |       |    14 ||    14
       Blink             |       |       |       |       |       |     4 ||     4
Invok: Minor Destruction |       |       |       |    15 |    52 |     2 ||    69
       Lesser Servant of |       |       |       |     7 |     9 |     1 ||    17
       Greater Servant o |       |       |       |       |     5 |     3 ||     8
 Abil: Heal Wounds       |       |       |     3 |     5 |     4 |     1 ||    13
Evoke: Wand              |       |       |     7 |    66 |   159 |    26 ||   258
       Lamp of fire      |       |       |       |       |     3 |     2 ||     5
       Box of beasts     |       |       |       |       |     1 |       ||     1
       Crystal ball of e |       |       |       |       |     1 |       ||     1
  Use: Scroll            |     7 |     2 |     7 |    10 |    24 |     4 ||    54
       Potion            |     2 |     3 |     6 |     2 |     4 |     2 ||    19
 Stab: Sleeping          |       |       |       |     1 |       |       ||     1
  Eat: Ration            |       |     1 |     3 |       |    10 |     3 ||    17
       Chunk             |       |     1 |     7 |    21 |    19 |     1 ||    49
Armor: Robe              |    23 |    13 |    10 |       |       |       ||    46
       Leather armour    |       |       |    25 |    42 |   100 |    46 ||   213
Dodge: Dodged            |    64 |    14 |    50 |   104 |   322 |   179 ||   733
Block: Shield            |       |       |       |    13 |       |       ||    13
       Buckler           |       |       |       |    45 |   182 |   123 ||   350
       Reflection        |       |       |       |       |     6 |     8 ||    14

Table legend:
 A = Non-vault XP
 B = Vault XP
 C = Vault XP percentage of total XP
 D = Non-vault monster count
 E = Vault monster count
 F = Vault count percentage of total count
                 A         B        C        D         E       F
            +---------+---------+-------+---------+---------+-------
      Total |  103606 |   86389 |  45.5 |     588 |     334 |  36.2
            +---------+---------+-------+---------+---------+-------
        D:1 |      46 |       0 |   0.0 |      27 |       0 |   0.0
        D:2 |      52 |       0 |   0.0 |      22 |       0 |   0.0
        D:3 |      12 |       0 |   0.0 |       5 |       0 |   0.0
        D:4 |     657 |      67 |   9.3 |      23 |       6 |  20.7
        D:5 |     760 |       0 |   0.0 |      16 |       0 |   0.0
        D:6 |     625 |     611 |  49.4 |      12 |       6 |  33.3
        D:7 |     569 |     209 |  26.9 |      16 |       2 |  11.1
        D:8 |    1458 |    5475 |  79.0 |      21 |      33 |  61.1
        D:9 |    1643 |       0 |   0.0 |      20 |       0 |   0.0
       D:10 |    1539 |     507 |  24.8 |      28 |       3 |   9.7
       D:11 |    2187 |       0 |   0.0 |      38 |       0 |   0.0
       D:12 |    3311 |    2295 |  40.9 |      24 |       3 |  11.1
       D:13 |    7450 |   16335 |  68.7 |      25 |      33 |  56.9
       D:14 |    4039 |     746 |  15.6 |      17 |       1 |   5.6
       D:15 |    7225 |    5636 |  43.8 |      24 |       9 |  27.3
     Lair:1 |    1835 |    1371 |  42.8 |       7 |      12 |  63.2
     Lair:2 |    4343 |       0 |   0.0 |      18 |       0 |   0.0
     Lair:3 |    3651 |    3009 |  45.2 |      16 |      30 |  65.2
     Lair:4 |    3417 |     572 |  14.3 |      10 |       6 |  37.5
     Lair:5 |    4755 |     830 |  14.9 |      16 |       4 |  20.0
     Lair:6 |    6186 |    9668 |  61.0 |      17 |      25 |  59.5
    Swamp:1 |    7573 |       0 |   0.0 |      17 |       0 |   0.0
    Swamp:2 |   14266 |       0 |   0.0 |      44 |       0 |   0.0
    Swamp:3 |    7607 |       0 |   0.0 |      17 |       0 |   0.0
    Swamp:4 |    9968 |    7737 |  43.7 |      25 |      33 |  56.9
    Snake:1 |    2995 |    1926 |  39.1 |       4 |       1 |  20.0
      Orc:1 |    1996 |    4476 |  69.2 |      31 |      18 |  36.7
      Orc:2 |    3441 |   16250 |  82.5 |      48 |      39 |  44.8
      Sewer |       0 |     674 | 100.0 |       0 |      28 | 100.0
    Ossuary |       0 |     121 | 100.0 |       0 |      16 | 100.0
    Volcano |       0 |    7874 | 100.0 |       0 |      26 | 100.0
            +---------+---------+-------+---------+---------+-------
